[Event "Early-Titled-Tuesday-Blitz-June-18-2024"]
[Site "Chess.com"]
[Date "2024.06.18"]
[Round "7"]
[White "jaskol95"]
[Black "NailBashirli"]
[Result "0-1"]
[WhiteElo "2611"]
[BlackElo "2750"]
[TimeControl "180+1"]
[EndTime "9:20:24 PDT"]
[Termination "NailBashirli won by resignation"]

1. e4 Nf6 2. e5 Nd5 3. c4 Nb6 4. a4 a5 5. Ra3 d6 6. exd6 exd6 7.
d4 Be7 8. Rg3 O-O 9. Nc3 Nc6 10. Nf3 Bf6 11. Be3 Ne7 12. Bd3 Nf5 13. Bxf5 Bxf5 14. b3 d5 15. c5 Nc8 16. O-O Ne7 17. Bg5 Bxg5 18. Rxg5 f6 19. Rg3 Qd7 20. Qd2 Rfe8 21. Nh4 Bg6 22. Re1 Nf5 23.
Nxf5 Qxf5 24. Rge3 Rxe3 25. Rxe3 b6 26. c6 Re8 27. h3 Re6 28. g4 Qg5 29. f4 Qxf4 30.
Nxd5 Qd6 31. Rxe6 Qxe6 32. Nxc7 Qxc6 33. Nb5 Qf3 34. Qc3 Qd1+ 35. Kf2 h6 36. Nd6 Qh1 37. Nf5 Qh2+ 38. Kf1 Kh7 39. Qe3 h5 40. Qf2 Qxh3+ 41. Ke1 Qxg4 42. Ng3 h4 43. Ne2 Bh5 44. d5 h3 45. d6 Qb4+ 46. Kf1 Qxd6 47. Nf4 Qd1+ 48. Qe1 Qxe1+ 49. Kxe1 h2 50. Nxh5 h1=Q+ 51. Kf2 Qxh5 0-1

[Event "Early-Titled-Tuesday-Blitz-June-18-2024"]
[Site "Chess.com"]
[Date "2024.06.18"]
[Round "7"]
[White "Orest_Vovk"]
[Black "EvgenyBurmakin"]
[Result "0-1"]
[WhiteElo "2550"]
[BlackElo "2412"]
[TimeControl "180+1"]
[EndTime "9:20:24 PDT"]
[Termination "EvgenyBurmakin won by resignation"]

1. h4 h5 2. Nf3 c5 3. Ng5 Nf6 4. Nc3 Nc6 5. e4 e6 6. Bb5 Qc7 7. d3 a6 8. Bxc6 Qxc6 9. Be3 b5 10. d4 cxd4 11. Qxd4 Bb7 12. O-O-O b4 13. Nd5 exd5 14.
exd5 Qxd5 15. Qb6 Qc6 16. Rhe1 Qxb6 17. Bxb6+ Be7 18. Bc5 Ng8 19. Rxe7+ Nxe7 20. Re1 d6 21. Bxd6 O-O 22. Rxe7 Bxg2 23. Bxb4 Bd5 24. b3 Rfe8 25. Rc7 f6 26. Nh3 Rac8 27. Ra7 Re2 28. c4 Bxc4 29. Kd1 Rxa2 30. bxc4 Rxc4 31. Ra8+ Kh7 32. Rb8 Rxh4 33. Nf4 Rxf4 34. Be1 Rd4+ 35. Kc1 Re2 36. Ba5 Rxf2 37. Rb3 Ra4 38. Bc3 Rg4 39. Be1 Rg1 40.
Kd1 Rff1 41. Re3 Rxe1+ 42. Rxe1 Rxe1+ 0-1

[Event "Early-Titled-Tuesday-Blitz-June-18-2024"]
[Site "Chess.com"]
[Date "2024.06.18"]
[Round "7"]
[White "MVM2008"]
[Black "GoltsevDmitry2000"]
[Result "0-1"]
[WhiteElo "2587"]
[BlackElo "2721"]
[TimeControl "180+1"]
[EndTime "9:20:25 PDT"]
[Termination "GoltsevDmitry2000 won by checkmate"]

1. Nc3 d5 2. d4 Nf6 3. f3 Nc6 4.
e4 dxe4 5. d5 Ne5 6. Bf4 Ng6 7.
Bg3 e5 8. dxe6 Bxe6 9. Nb5 Bb4+ 10. c3 Ba5 11. Qa4 Bb6 12. Nxc7+ Kf8 13. Nxa8 e3 14.
Rd1 Qxa8 15. Bc4 h6 16. Bxe6 fxe6 17. Ne2 Kg8 18. Nd4 Kh7 19. Qc2 Re8 20. h4 h5 21. O-O e2 22. Qxe2 e5 23. Qd3 exd4 24. cxd4 Rd8 25. Be5 Qc8 26. Rfe1 Qe6 27. Bc7 Rxd4 28.
Qxd4 Bxd4+ 29. Kh2 Qc4 30. Bg3 Bb6 31. Rd2 Qa4 32.
Red1 Ba5 33. Rd8 Nxh4 34. R1d4 Qb5 35. Rxh4 Bxd8 36. a4 Qe8 37. Rf4 Be7 38. Rf5 Qd7 39. Re5 Bd6 40. Rg5 Bxg3+ 41. Kxg3 Qc7+ 42. Kh4 Qf4+ 43. Rg4 hxg4 44. g3 Qh6# 0-1

[Event "Early-Titled-Tuesday-Blitz-June-18-2024"]
[Site "Chess.com"]
[Date "2024.06.18"]
[Round "7"]
[White "Slovineanu"]
[Black "Dolphin_2010"]
[Result "0-1"]
[WhiteElo "2555"]
[BlackElo "2750"]
[TimeControl "180+1"]
[EndTime "9:20:26 PDT"]
[Termination "Dolphin_2010 won on time"]

1. d4 d5 2. Nf3 Nf6 3. c4 c6 4. e3 Bf5 5. Nc3 e6 6. Nh4 Be4 7. f3 Bg6 8. Qb3 Qb6 9. Nxg6 hxg6 10. Bd2 Nbd7 11. Bd3 Be7 12. Qxb6 axb6 13. a3 dxc4 14.
Bxc4 b5 15. Ba2 Nb6 16. Ke2 Nfd5 17. h3 Nxc3+ 18. Bxc3 Nd5 19. Bxd5 exd5 20. Bb4 Ra4 21. b3 Ra6 22. Kd3 Kd7 23. Bxe7 Kxe7 24. Kc2 Rha8 25.
Kb2 Kd6 26. h4 Re8 27. Rhe1 Raa8 28. a4 bxa4 29. Rxa4 Rad8 30. Kc3 Re7 31. Kd3 Rh8 32. g3 f6 33. e4 Rh5 34. Re3 g5 35. hxg5 Rxg5 36.
g4 dxe4+ 37. Rxe4 Rd7 38. Ra8 Kc7 39. Rae8 Rb5 40. Kc4 Rbd5 41. Kc3 f5 0-1

[Event "Early-Titled-Tuesday-Blitz-June-18-2024"]
[Site "Chess.com"]
[Date "2024.06.18"]
[Round "7"]
[White "banjadvorovi"]
[Black "Roachelley"]
[Result "0-1"]
[WhiteElo "2422"]
[BlackElo "2547"]
[TimeControl "180+1"]
[EndTime "9:20:27 PDT"]
[Termination "Roachelley won by checkmate"]

1. e4 c5 2. Nc3 d6 3. g3 Nc6 4.
Bg2 g6 5. Nge2 Bg7 6. O-O e6 7. d3 Nge7 8. f4 O-O 9. Be3 Nd4 10. Qd2 Rb8 11. Nd1 b5 12. c3 Nxe2+ 13. Qxe2 Bb7 14. Nf2 Qc7 15. Rac1 Rbc8 16. Rfd1 d5 17. d4 cxd4 18. cxd4 Qb6 19. e5 Nf5 20. g4 Nxe3 21. Qxe3 f5 22. g5 Rfd8 23. Nd3 Bf8 24.
Nc5 a5 25. h4 b4 26. h5 Rc7 27. Na4 Rxc1 28. Rxc1 Qb5 29. Nc5 Qb6 30. hxg6 hxg6 31. Kf2 Bxc5 32. Rxc5 Rc8 33. Bf1 Rxc5 34. dxc5 Qc6 35. b3 Ba6 36. Bxa6 Qxa6 37. Qc1 Qc6 38. Ke2 d4 39. Qc4 Qe4+ 40. Kd1 Qf3+ 41. Kc1 Qxf4+ 42.
Kb2 Qxe5 43. c6 d3+ 44. Kb1 d2 45. Kc2 Qe1 46. Qd4 Qc1+ 47. Kd3 d1=Q# 0-1

[Event "Early-Titled-Tuesday-Blitz-June-18-2024"]
[Site "Chess.com"]
[Date "2024.06.18"]
[Round "7"]
[White "elamier"]
[Black "gpsji27"]
[Result "0-1"]
[WhiteElo "2449"]
[BlackElo "2336"]
[TimeControl "180+1"]
[EndTime "9:20:27 PDT"]
[Termination "gpsji27 won on time"]

1. d4 d5 2. c4 e6 3. Nf3 Nf6 4. Nc3 Be7 5. Bf4 O-O 6. e3 b6 7. Bd3 c5 8. cxd5 exd5 9. Ne5 Bb7 10. Qf3 Nbd7 11. O-O Rc8 12. Qh3 Nxe5 13. dxe5 Ne4 14.
Bxe4 dxe4 15. Rfd1 Qe8 16. Rd7 Bc6 17. Rxa7 Rd8 18. Qg3 Kh8 19. Bg5 Bxg5 20. Qxg5 Rd2 21. b3 h6 22. Qf4 Qb8 23. Re7 f6 24. Qg4 Rg8 25. exf6 gxf6 26. Qf5 Rg7 27. Qxf6 Qg8 28. Qxh6+ Qh7 29. Qxg7+ Qxg7 30. Rxg7 Kxg7 31. h3 Rc2 32.
Na4 b5 33. Nb6 c4 34. bxc4 bxc4 35. a3 c3 36. Nc4 Bd5 0-1

[Event "Early-Titled-Tuesday-Blitz-June-18-2024"]
[Site "Chess.com"]
[Date "2024.06.18"]
[Round "7"]
[White "sansanathalia"]
[Black "jguerramzllo"]
[Result "0-1"]
[WhiteElo "2460"]
[BlackElo "2675"]
[TimeControl "180+1"]
[EndTime "9:20:28 PDT"]
[Termination "jguerramzllo won on time"]

1. e4 e5 2. Nf3 Nc6 3. Bb5 Nf6 4. d4 Nxe4 5. O-O Nd6 6. Bxc6 dxc6 7. Nxe5 Be7 8. c3 O-O 9. Na3 Be6 10. Bf4 Re8 11.
Re1 Bf8 12. Nc2 f6 13. Nd3 b6 14. Ne3 Qd7 15. b3 a5 16. c4 a4 17. Qc2 Nf5 18. Nxf5 Bxf5 19. Qc3 axb3 20. axb3 Rxa1 21. Rxa1 Rd8 22. Be3 Qe8 23. Nb4 Be4 24. Re1 Qg6 25.
f3 Bxf3 26. g3 h5 27. Bf4 Bxb4 28. Qxb4 Qc2 29. Qd2 Qxb3 30. Qe3 Qxe3+ 31. Bxe3 Kf7 32. Kf2 Bg4 33. Ra1 Be6 34. Ra7 Rd7 35. c5 b5 36.
Ra6 Bd5 37. Ra7 b4 38. Rb7 b3 39. Bf4 g5 40. Be3 Ke6 41. Rb8 Kf5 42. Rb7 Rd8 43. Bd2 Ra8 44. Ke3 Ra2 45. Bc3 Rxh2 0-1

[Event "Early-Titled-Tuesday-Blitz-June-18-2024"]
[Site "Chess.com"]
[Date "2024.06.18"]
[Round "7"]
[White "artooon"]
[Black "ellatambien"]
[Result "1-0"]
[WhiteElo "3093"]
[BlackElo "2688"]
[TimeControl "180+1"]
[EndTime "9:20:30 PDT"]
[Termination "artooon won by resignation"]

1. e4 e5 2. Nf3 Nc6 3. Nc3 Nf6 4. Bb5 Bd6 5. O-O O-O 6. d3 a6 7. Bc4 Bc5 8. Bg5 h6 9. Bh4 Be7 10. d4 d6 11. h3 exd4 12. Nxd4 Nxd4 13. Qxd4 Be6 14.
Bxe6 fxe6 15. e5 Nd7 16. Bxe7 Qxe7 17. exd6 cxd6 18. Rae1 Rae8 19. Re3 Nf6 20. Rd1 d5 21. Rde1 Qf7 22. R1e2 Kh8 23. Qb6 Qd7 24. Rxe6 d4 25. Rxe8 Rxe8 26. Rxe8+ Nxe8 27. Ne4 Qd5 28. f3 Qxa2 29. Qxb7 Qb1+ 30. Kh2 Qxc2 31. Qa8 Qc7+ 32. Kg1 Qc1+ 33. Kh2 Qc7+ 34. Ng3 Qd7 35. Kh1 d3 36.
Ne4 Kh7 37. Nd2 Nf6 38. Qxa6 Qd4 39. Qe6 Kg6 40. g4 Qf4 41. Qe1 h5 42. Kg2 hxg4 43. hxg4 Kg5 44. b4 Nd5 45. Ne4+ Kg6 46. Qh4 Ne3+ 47.
Kg1 Kf7 48. Qd8 Qxf3 49. Ng5+ Kg6 50. Nxf3 1-0

[Event "Early-Titled-Tuesday-Blitz-June-18-2024"]
[Site "Chess.com"]
[Date "2024.06.18"]
[Round "7"]
[White "RebelJohnny"]
[Black "AttilaTurzo"]
[Result "0-1"]
[WhiteElo "2578"]
[BlackElo "2454"]
[TimeControl "180+1"]
[EndTime "9:20:30 PDT"]
[Termination "AttilaTurzo won by resignation"]

1. e4 e5 2. Nf3 Nc6 3. Nc3 Nf6 4. d4 exd4 5. Nxd4 Bb4 6. Nxc6 bxc6 7. Bd3 O-O 8. O-O d5 9. exd5 cxd5 10. h3 Re8 11. Qf3 c6 12. Bf4 Bd6 13. Rfe1 Rxe1+ 14. Rxe1 Bxf4 15. Qxf4 Be6 16. Ne2 Qb8 17. Qd4 Qb6 18.
b4 Rc8 19. c3 c5 20. Qh4 a5 21. bxc5 Qxc5 22. Qd4 Qa3 23. g4 h6 24. f4 Qxa2 25.
g5 hxg5 26. fxg5 Ne4 27. Nf4 Qd2 28. Rxe4 dxe4 29. Qxe4 Qxc3 30. Nxe6 fxe6 31. Qxe6+ Kh8 32. Qe4 Qc5+ 33. Kh2 Qf2+ 34. Qg2 Qxg2+ 35. Kxg2 Rc3 36. Be4 Ra3 37. Bd5 Ra1 38. Kf3 Rc1 39. Ke3 Rc5 40.
Bf7 a4 41. g6 Ra5 42. Kd3 a3 43. Kc2 a2 0-1

[Event "Early-Titled-Tuesday-Blitz-June-18-2024"]
[Site "Chess.com"]
[Date "2024.06.18"]
[Round "7"]
[White "rollercoaster29"]
[Black "SicilianPanzer"]
[Result "1/2-1/2"]
[WhiteElo "2510"]
[BlackElo "2356"]
[TimeControl "180+1"]
[EndTime "9:20:30 PDT"]
[Termination "Game drawn by repetition"]

1. e4 e5 2. Nf3 Nc6 3. d4 exd4 4.
Nxd4 Qf6 5. Nf3 Bb4+ 6. c3 Bc5 7. Be2 Nge7 8. O-O h6 9. Nbd2 d6 10. Nc4 a5 11. Ne3 O-O 12. Nd5 Nxd5 13. exd5 Ne7 14. c4 Ng6 15. Qd2 Bf5 16. Bd3 Rfe8 17. Bxf5 Qxf5 18.
Nd4 Qg4 19. Nf3 Qxc4 20. b3 Qg4 21. h3 Qe4 22. Re1 Qf5 23. Bb2 f6 24. Rxe8+ Rxe8 25. Re1 Rxe1+ 26. Qxe1 Ne5 27. Nxe5 fxe5 28. Qe2 Qb1+ 29.
Kh2 Qxa2 30. Qc2 Bd4 31. Qf5 Qxb2 32. Qc8+ Kf7 33. Qe6+ Kf8 34. Qc8+ Ke7 35. Qe6+ Kd8 36. Qg8+ Kd7 37. Qe6+ Kd8 38. Qg8+ Ke7 39. Qe6+ Kf8 40. Qc8+ Kf7 41. Qe6+ Kf8 1/2-1/2

[Event "Early-Titled-Tuesday-Blitz-June-18-2024"]
[Site "Chess.com"]
[Date "2024.06.18"]
[Round "7"]
[White "bubeliang"]
[Black "YurasovMat-2012"]
[Result "0-1"]
[WhiteElo "2787"]
[BlackElo "2642"]
[TimeControl "180+1"]
[EndTime "9:20:31 PDT"]
[Termination "YurasovMat-2012 won by checkmate"]

1. e4 e5 2. Nf3 Nf6 3. Nc3 Bb4 4.
Nxe5 O-O 5. Be2 Re8 6. Nd3 Bxc3 7. dxc3 Nxe4 8. O-O d6 9. Bf3 Bf5 10. Re1 Nd7 11.
Bf4 Qf6 12. Bg3 c6 13. Bxe4 Bxe4 14. Qd2 d5 15. f3 Bxd3 16. cxd3 Nc5 17. Rxe8+ Rxe8 18. Bf2 Ne6 19. Bxa7 c5 20. a4 h5 21. a5 Nf4 22. Re1 Rxe1+ 23. Qxe1 Qg6 24. g3 Nxd3 25. Qe3 h4 26. Kg2 hxg3 27. hxg3 Nxb2 28. Bxc5 Nc4 29.
Qe8+ Kh7 30. Qd7 Qc2+ 31. Kh3 Qxc3 32. Qxf7 Qd3 33. Bf8 Qg6 34. Qxb7 Qf5+ 35. Kg2 Qxf8 36. a6 Ne3+ 37. Kf2 Qc5 38. a7 Ng4+ 39. Kg2 Qf2+ 40.
Kh3 Ne3 41. Qb1+ Kh6 42. a8=Q Qg2+ 43. Kh4 Qh2# 0-1

[Event "Early-Titled-Tuesday-Blitz-June-18-2024"]
[Site "Chess.com"]
[Date "2024.06.18"]
[Round "7"]
[White "temus_galaktionov"]
[Black "Zhani-Z"]
[Result "1-0"]
[WhiteElo "2853"]
[BlackElo "2444"]
[TimeControl "180+1"]
[EndTime "9:20:32 PDT"]
[Termination "temus_galaktionov won by resignation"]

1. d4 d5 2. c4 e6 3. Nf3 Nf6 4. Nc3 c5 5. cxd5 cxd4 6. Nxd4 Nxd5 7. Bd2 Be7 8. e4 Nxc3 9. Bxc3 O-O 10. Be2 Qb6 11.
Qb3 Rd8 12. Qxb6 axb6 13. a3 Na6 14. f3 Nc5 15. Rd1 Na4 16. Nb5 Bd7 17. Bd4 Bc5 18. Bxc5 bxc5 19. Rb1 Ra5 20. Nd6 Bc6 21. Nc4 Raa8 22.
Kf2 b5 23. Ne5 Be8 24. Ke3 c4 25. Rhc1 f6 26. Ng4 Nc5 27. Rd1 Bc6 28. Rxd8+ Rxd8 29. Rd1 Rxd1 30. Bxd1 e5 31. Bc2 Kf7 32. Kd2 Ne6 33.
b3 cxb3 34. Bxb3 Ke7 35. Ne3 Nd4 36. Bg8 h5 37. Kc3 Kd6 38. Kb4 Bd7 39. Ba2 h4 40. h3 Kc6 41. Bb1 Kb6 42. Nd5+ Ka6 43. Bd3 Ne6 44. a4 Kb7 45. Bxb5 Bxb5 46. Kxb5 Nd4+ 47. Kc5 Ne2 48. Kd6 Nd4 49. Ke7 1-0

[Event "Early-Titled-Tuesday-Blitz-June-18-2024"]
[Site "Chess.com"]
[Date "2024.06.18"]
[Round "7"]
[White "GelmanAlexander"]
[Black "Yaacovn"]
[Result "1-0"]
[WhiteElo "2664"]
[BlackElo "2825"]
[TimeControl "180+1"]
[EndTime "9:20:32 PDT"]
[Termination "GelmanAlexander won on time"]

1. c4 c5 2. Nf3 b6 3. d3 Bb7 4.
e3 g6 5. a3 Bg7 6. Be2 Nf6 7.
O-O O-O 8. Nbd2 Nc6 9. Qc2 d5 10. cxd5 Nxd5 11. Ne4 Rc8 12. Bd2 e5 13. Rac1 Qd7 14.
Qb1 Rfd8 15. Rfd1 h6 16. h3 f5 17. Ng3 Kh7 18. b4 cxb4 19. axb4 Qe7 20. b5 Na5 21. h4 e4 22. dxe4 fxe4 23. Rxc8 exf3 24. Rxd8 fxe2 25. Nxe2 Qxd8 26. Bxa5 bxa5 27. e4 Qe7 28.
exd5 Qxe2 29. h5 Qxh5 30. Qd3 Be5 31. g3 Bd6 32. Rd2 Qf5 33. Qe3 Qg5 34. Qd4 Qe7 35. Rd3 Bc5 36. Qf4 Kg7 37. Kh2 Qd6 38. Qe4 h5 39. f4 Bb6 40. f5 Qf6 41. Rf3 g5 42. Rd3 g4 43. Qf4 Qb2+ 44. Rd2 Qf6 45. d6 Qa1 46. Qg5+ Kf8 47. Qh6+ Kf7 48. Qh7+ Kf8 49. Qh8+ 1-0

[Event "Early-Titled-Tuesday-Blitz-June-18-2024"]
[Site "Chess.com"]
[Date "2024.06.18"]
[Round "7"]
[White "Mikayel99"]
[Black "MaxLeto"]
[Result "1-0"]
[WhiteElo "2627"]
[BlackElo "2458"]
[TimeControl "180+1"]
[EndTime "9:20:32 PDT"]
[Termination "Mikayel99 won on time"]

1. Nf3 d6 2. e4 c5 3. b4 cxb4 4.
Bb2 Nf6 5. e5 dxe5 6. Nxe5 Nbd7 7.
Nf3 e6 8. a3 b6 9. Be2 Bb7 10.
O-O Qc7 11. axb4 Bxb4 12. Nc3 a6 13. Na4 b5 14. Nc3 O-O 15. Na2 Bd6 16. d4 Rac8 17.
Rc1 Bf4 18. Rb1 Qxc2 19. Qe1 Be4 20. Nc3 Bf5 21. Bd1 Qd3 22. Be2 Qc2 23. g3 Bh6 24. Bd1 Qd3 25. Ra1 Bh3 26. Be2 Qc2 27. Qb1 Qb3 28.
Ra3 Qb4 29. Rd1 Bf5 30. Qa1 Nb6 31. Na2 Qe7 32. Rxa6 Nc4 33. Bc3 Be4 34. Bb4 Qd7 35. Ne5 Qb7 36. Nc3 Rfd8 37. Ra7 Qb6 38. Nxf7 Ra8 39. Nxh6+ gxh6 40. Rxa8 Rxa8 41. Qc1 Bb7 42. Qxh6 Qc6 43. d5 Nxd5 44. Qg5+ Kh8 45. Nxd5 e5 46. Bc3 b4 47. Bxe5+ Nxe5 48. Qxe5+ Kg8 49. Ne7+ Kf7 50. Bh5+ 1-0

[Event "Early-Titled-Tuesday-Blitz-June-18-2024"]
[Site "Chess.com"]
[Date "2024.06.18"]
[Round "7"]
[White "Sprinc1"]
[Black "milovichalex"]
[Result "1-0"]
[WhiteElo "2253"]
[BlackElo "2391"]
[TimeControl "180+1"]
[EndTime "9:20:32 PDT"]
[Termination "Sprinc1 won by resignation"]

1. d4 d5 2. Nf3 Nf6 3. g3 c6 4.
Bg2 Bg4 5. O-O Nbd7 6. c4 e6 7. Nc3 Be7 8. Qb3 b6 9. cxd5 cxd5 10. Bf4 a6 11. Rfc1 O-O 12. Na4 h6 13. Bc7 Qe8 14. Nxb6 Nxb6 15. Qxb6 Qb5 16. Qxb5 axb5 17. h3 Bxf3 18.
Bxf3 Rfc8 19. Bf4 Rc4 20. Rxc4 bxc4 21. Kf1 g5 22. Bd2 Nd7 23. e4 Nb6 24. Ke2 f5 25.
exf5 exf5 26. g4 f4 27. Kd1 Kf7 28. Kc2 Bf6 29. Bc3 Ke6 30. b3 Kd6 31. bxc4 Nxc4 32.
a4 Ra6 33. Bb4+ Kc6 34. Bc5 Ra5 35. Ra2 Nb6 36. Bf8 Rxa4 37. Rxa4 Nxa4 38. Bxh6 Nb6 39.
Kd3 Nd7 40. h4 gxh4 41. Bxf4 h3 42. g5 Bg7 43. Bg4 Nf8 44. Bxh3 Ng6 45. Bg3 Ne7 46. f4 Bf8 47. f5 Ng8 48. f6 Bh6 49. f7 1-0

[Event "Early-Titled-Tuesday-Blitz-June-18-2024"]
[Site "Chess.com"]
[Date "2024.06.18"]
[Round "7"]
[White "dianamirza"]
[Black "HanSchut"]
[Result "0-1"]
[WhiteElo "1788"]
[BlackElo "2241"]
[TimeControl "180+1"]
[EndTime "9:20:32 PDT"]
[Termination "HanSchut won by resignation"]

1. e4 c5 2. Nf3 d6 3. d4 cxd4 4.
Nxd4 Nf6 5. f3 e5 6. Nb5 a6 7.
N5c3 Be6 8. Bg5 Nbd7 9. Nd2 Be7 10. Bd3 b5 11. O-O O-O 12. Qe2 d5 13. exd5 Nxd5 14. Nxd5 Bxg5 15. Ne3 Qb6 16. Rae1 Nf6 17. Ne4 Nxe4 18.
Bxe4 Rad8 19. Kh1 Bxe3 20. Qxe3 Qxe3 21. Rxe3 f6 22. Re2 Bc4 23. Bd3 Bxd3 24. cxd3 Rxd3 25. Kg1 Rfd8 26. Kf2 Rd2 27. Rc1 R8d6 28. Rc8+ Kf7 29. Rc7+ Kg6 30. Ra7 Rxe2+ 31. Kxe2 h5 32. Ke3 f5 33. h3 Kf6 34. g4 hxg4 35. hxg4 f4+ 36. Ke2 g5 37. a3 e4 38. b4 e3 39. Rc7 Rd2+ 40. Ke1 Ra2 41. Rc6+ Ke5 42. Rxa6 Kd4 43. a4 Rxa4 44. Rg6 Rxb4 45. Rxg5 Kd3 46. Rd5+ Kc2 47.
Kf1 Rb1+ 48. Kg2 e2 49. Re5 e1=Q 50. Rxe1 Rxe1 51. g5 Re5 52. g6 Rg5+ 53. Kh3 Rxg6 54. Kh4 b4 0-1

[Event "Early-Titled-Tuesday-Blitz-June-18-2024"]
[Site "Chess.com"]
[Date "2024.06.18"]
[Round "7"]
[White "FARIZA2018"]
[Black "ThetNaung291"]
[Result "1-0"]
[WhiteElo "2601"]
[BlackElo "2448"]
[TimeControl "180+1"]
[EndTime "9:20:33 PDT"]
[Termination "FARIZA2018 won by resignation"]

1. e4 c5 2. Nf3 d6 3. d4 cxd4 4. Nxd4 e6 5. c4 Be7 6. Nc3 Nf6 7. Be2 O-O 8. O-O Bd7 9. Be3 Nc6 10. Nc2 Qb8 11. b4 Rc8 12. f4 b6 13. Kh1 a5 14. a3 h6 15. Rb1 axb4 16. axb4 Bd8 17. Bf3 Ne7 18. e5 dxe5 19. Bxa8 exf4 20. Rxf4 Qxa8 21. Rxf6 gxf6 22. Qxd7 Rxc4 23. Qd3 Rg4 24. Qe2 Rg6 25. Rd1 Nf5 26. Bf4 Be7 27. Ne3 Nh4 28. Bg3 f5 29. Bxh4 Bxh4 30. Qf3 Qc8 31. Ne2 Bg5 32.
Nf4 Bxf4 33. Qxf4 Qc3 34. h3 Kh7 35. Rd7 Rg7 36. Kh2 b5 37. Rb7 Qd2 38. Rxb5 Qd3 39. Rb7 Qb3 40. Qe5 Qa2 41. b5 Qa4 42. b6 f4 43. Ng4 h5 44. Nf6+ 1-0

[Event "Early-Titled-Tuesday-Blitz-June-18-2024"]
[Site "Chess.com"]
[Date "2024.06.18"]
[Round "7"]
[White "MANOJ_MISHRA123"]
[Black "sammartin99"]
[Result "1-0"]
[WhiteElo "2210"]
[BlackElo "2321"]
[TimeControl "180+1"]
[EndTime "9:20:33 PDT"]
[Termination "MANOJ_MISHRA123 won on time"]

1. d4 d5 2. Bg5 c5 3. dxc5 Qa5+ 4.
Bd2 Qxc5 5. Nf3 Nc6 6. Nc3 e5 7. e4 d4 8. Nd5 Qd6 9. c4 Nf6 10. Bd3 Bg4 11. O-O Be7 12. b4 O-O 13. b5 Nxd5 14. bxc6 Nb6 15. cxb7 Rab8 16. Qc1 Bxf3 17. gxf3 Rxb7 18. Kh1 Rc7 19. Rg1 Kh8 20. f4 Bf6 21. fxe5 Qxe5 22. Bf4 Qc5 23. Bxc7 Qxc7 24. c5 Nd7 25. c6 Ne5 26. Qf4 Qxc6 27. Be2 d3 28.
Bh5 Rd8 29. Rad1 Nc4 30. Bxf7 Nb2 31. Bd5 Rxd5 32. exd5 Qxd5+ 33. f3 Nxd1 34. Rxd1 h6 35. Qe4 Qxa2 36. Qxd3 a5 37. Rd2 Qa1+ 38. Kg2 a4 39. Rc2 1-0

[Event "Early-Titled-Tuesday-Blitz-June-18-2024"]
[Site "Chess.com"]
[Date "2024.06.18"]
[Round "7"]
[White "GMBenjaminBok"]
[Black "Goryachkina"]
[Result "1-0"]
[WhiteElo "2987"]
[BlackElo "2675"]
[TimeControl "180+1"]
[EndTime "9:20:34 PDT"]
[Termination "GMBenjaminBok won on time"]

1. d4 Nf6 2. c4 e6 3. Nc3 d5 4. cxd5 exd5 5. Bg5 Be7 6. e3 O-O 7. Bd3 Re8 8. Nf3 c6 9. Qc2 Ne4 10. Bxe4 dxe4 11. Nxe4 Bxg5 12. Nexg5 g6 13. h4 h6 14. Nh3 Bxh3 15. Rxh3 Nd7 16. O-O-O Qf6 17. Kb1 Rac8 18.
h5 g5 19. Nh2 Qe6 20. Nf1 f5 21. Rf3 Rf8 22. Ng3 f4 23. exf4 Rxf4 24. Rxf4 gxf4 25. d5 Qf6 26. Ne4 Qf5 27. f3 Nb6 28. d6 Rd8 29.
Qb3+ Kg7 30. a4 Rd7 31. Qc3+ Kf7 32. Qh8 Nd5 33. Qxh6 Ne3 34. Rd3 c5 35. Ng5+ Kg8 36. Qe6+ Qxe6 37. Nxe6 c4 38. Rd2 Nf1 39. Rd4 Ne3 40.
Nxf4 Nf5 41. Rd5 Ne3 42. Rd2 Nf5 43. g4 Nxd6 44. Nd5 1-0

[Event "Early-Titled-Tuesday-Blitz-June-18-2024"]
[Site "Chess.com"]
[Date "2024.06.18"]
[Round "7"]
[White "Casper"]
[Black "jk13"]
[Result "0-1"]
[WhiteElo "2484"]
[BlackElo "2701"]
[TimeControl "180+1"]
[EndTime "9:20:35 PDT"]
[Termination "jk13 won on time"]

1. d4 Nf6 2. Bf4 e6 3. e3 d5 4. Nf3 Bd6 5. Bg3 O-O 6. Bd3 b6 7. Nbd2 Ba6 8. Bxa6 Nxa6 9. c4 c5 10. cxd5 Bxg3 11. hxg3 Qxd5 12. O-O Rfd8 13. Qe2 Qb7 14. Rfd1 h6 15. Nc4 Ne4 16. a3 Nc7 17. dxc5 bxc5 18. Nfe5 Nd5 19. Rd3 Ndf6 20. Rad1 Rxd3 21. Qxd3 a5 22. g4 a4 23. f3 Ng5 24. Qd6 Qb3 25.
e4 Kh7 26. Rd2 Rc8 27. Qe7 Kg8 28. Nd6 Qe3+ 29. Rf2 Rf8 30. Ndc4 Qe1+ 31. Rf1 Qg3 32. Qxc5 Rd8 33. Qe3 Nh3+ 34. Kh1 Ng5 35. f4 Qh4+ 36. Kg1 Ngxe4 37. Qa7 Rf8 38. Rd1 Nxg4 39. Nxg4 Qxg4 40.
Ne3 Qg3 41. Qd4 Qf2+ 42. Kh1 Qxf4 43. Kg1 Qf2+ 44. Kh1 Qh4+ 45. Kg1 Qf4 46. Rf1 Qh4 47. Nc4 f5 48. Ne5 Qf6 0-1

[Event "Early-Titled-Tuesday-Blitz-June-18-2024"]
[Site "Chess.com"]
[Date "2024.06.18"]
[Round "7"]
[White "PeshkaCh"]
[Black "Yan_Dyomin2010"]
[Result "0-1"]
[WhiteElo "2845"]
[BlackElo "2667"]
[TimeControl "180+1"]
[EndTime "9:20:36 PDT"]
[Termination "Yan_Dyomin2010 won by checkmate"]

1. Nf3 Nf6 2. d4 g6 3. Nbd2 d5 4. c4 Bg7 5. g3 O-O 6. Bg2 c5 7. O-O cxd4 8. Nxd4 Nc6 9. N2f3 Nxd4 10. Qxd4 dxc4 11.
Qxc4 Be6 12. Qh4 Qa5 13. Bh6 Bxh6 14. Qxh6 Bd5 15. Rfd1 Bxf3 16. Bxf3 Rad8 17. Qe3 Qb4 18. b3 b6 19. Rac1 Rxd1+ 20. Rxd1 Rc8 21. Kg2 Kg7 22. h4 h5 23. Rc1 Rxc1 24. Qxc1 Qd6 25. Qc8 a5 26.
Qb7 Nd7 27. Bc6 Ne5 28. Bd5 e6 29. Be4 Qd4 30. e3 Qc5 31. Qa7 Qb4 32. Qb7 Ng4 33. Bf3 Nf6 34. Qa7 Qc5 35. Qb7 b5 36. Be2 b4 37. Bc4 Qf5 38. Qf3 Qc2 39. Kg1 Qxa2 40.
Bxe6 Qb1+ 41. Kg2 fxe6 42. Qb7+ Kh6 43. Qf7 Qe4+ 44. Kg1 Qf5 45. Qf8+ Kh7 46. Qf7+ Kh8 47. Qf8+ Ng8 48. Qd8 Qd5 49. Qf8 Qxb3 50. Qd6 Qb1+ 51. Kh2 Qf5 52. f4 b3 53. e4 Qxe4 54. g4 b2 55. f5 b1=Q 56. Qg3 Qbh1# 0-1

[Event "Early-Titled-Tuesday-Blitz-June-18-2024"]
[Site "Chess.com"]
[Date "2024.06.18"]
[Round "7"]
[White "Caroexpert"]
[Black "Dexter_Dyke"]
[Result "1-0"]
[WhiteElo "2639"]
[BlackElo "2492"]
[TimeControl "180+1"]
[EndTime "9:20:37 PDT"]
[Termination "Caroexpert won by checkmate"]

1. d4 Nf6 2. c4 c5 3. d5 e5 4. Nc3 d6 5. e4 Be7 6. Bd3 Nbd7 7. Nge2 h5 8. h3 h4 9. Be3 Nh5 10.
g4 hxg3 11. fxg3 Bg5 12. Qd2 Bxe3 13. Qxe3 a6 14. O-O-O Nhf6 15. g4 Nf8 16. Rdf1 Bd7 17. Ng3 Ng6 18. Nce2 Qa5 19. Kb1 b5 20. Nf5 Bxf5 21.
exf5 Ne7 22. g5 Nd7 23. Nc3 bxc4 24. Bxc4 Nb6 25. Qd3 Rb8 26. Ne4 O-O 27. f6 Ng6 28.
fxg7 Kxg7 29. Nxd6 Nxc4 30. Nxc4 Qb4 31. Rh2 e4 32.
Qxe4 Rfe8 33. Qc2 Re1+ 34. Rxe1 Qxe1+ 35. Qc1 Qe4+ 36. Ka1 Qxd5 37. h4 Rb4 38. b3 Ne5 39. Qc3 f6 40. gxf6+ Kxf6 41. Rf2+ Ke6 42. Qh3+ Ke7 43.
Qe3 Ke6 44. Qh6+ Kd7 45. Qg7+ Kc6 46. Rf6+ Kb5 47. Rb6# 1-0

[Event "Early-Titled-Tuesday-Blitz-June-18-2024"]
[Site "Chess.com"]
[Date "2024.06.18"]
[Round "7"]
[White "MasterKroket"]
[Black "Juicy_Fork"]
[Result "0-1"]
[WhiteElo "2526"]
[BlackElo "2430"]
[TimeControl "180+1"]
[EndTime "9:20:38 PDT"]
[Termination "Juicy_Fork won by resignation"]

1. e4 e5 2. Nf3 Nc6 3. Bb5 a6 4.
Ba4 d6 5. O-O Nf6 6. c3 Bd7 7.
Re1 g6 8. d4 Bg7 9. Nbd2 O-O 10.
Nf1 b5 11. Bc2 exd4 12. cxd4 Bg4 13. Be3 Re8 14. N1d2 Qe7 15. h3 Bxf3 16. Qxf3 Nb4 17. Bb1 c5 18. a3 Nc6 19. d5 Nd4 20. Qd1 Nd7 21. f4 c4 22. Ra2 Nc5 23. Nf3 Nxf3+ 24.
gxf3 Bh6 25. b4 cxb3 26. Rg2 Qh4 27. Rg4 Qxh3 28. Kf2 Qh2+ 29. Rg2 Qh4+ 30. Ke2 Bxf4 31. Rh1 Qf6 32. Bd4 Be5 33. Be3 Rac8 34. Bg5 Qg7 35. Bh6 Qh8 36. Qd2 Na4 37. Qg5 Bf6 38. Qg4 Nc3+ 39.
Kf2 Bd4+ 40. Kg3 Qe5+ 41. Kh3 Nxb1 42. Rxb1 Rc3 43. Rf1 Qxe4 44. Kh2 Qxg4 45. Rxg4 Be5+ 46. f4 Bg7 47. Bg5 Re2+ 48. Rg2 Rxg2+ 49. Kxg2 b2 50.
Rb1 Rc1 0-1